[Event "Fagernes Chess GM-Swiss 2025"]
[Site "Fagernes"]
[Date "2025.04.16"]
[Round "5.21"]
[White "Gandrud, Vegar Koi"]
[Black "Hebbar, Eshaan"]
[Result "1/2-1/2"]
[Annotator "RC"]
[ECO "D17"]
[WhiteElo "2273"]
[BlackElo "2175"]
[PlyCount "173"]
[EventDate "2025.04.12"]
[EventCountry "NOR"]
[SourceTitle "playchess.com"]
[Source "ChessBase"]
[SourceQuality "1"]
[TimeControl "40/6000+30:2400+30"]

1. d4 d5 2. c4 c6 3. Nf3 Nf6 4. Nc3 dxc4 5. a4 Bf5 6. Ne5 Nbd7 7. Nxc4 Qc7 8. g3 e5 9. dxe5 Nxe5 10. Bf4 Nfd7 11. Bg2 g5 12. Ne3 gxf4 13. Nxf5 fxg3 14. hxg3 O-O-O 15. O-O Kb8 16. Qc2 h5 17. Ne4 Ng6 18. Rfd1 h4 19. e3 hxg3 20. Nexg3 Be7 21. Nxe7 Nxe7 22. b4 Ne5 23. Rxd8+ Rxd8 24. Rd1 Rg8 25. Qh7 a6 26. b5 cxb5 27. axb5 axb5 28. Qb1 Qc4 29. Rd4 Qc7 30. Rb4 N7c6 31. Rxb5 Ng4 32. Qe4 Nd8 33. Qf4 Rg6 34. Qxc7+ Kxc7 35. Be4 Rd6 36. Nf5 Rd1+ 37. Kg2 Rd2 38. Rc5+ Kd7 39. Rd5+ Rxd5 40. Bxd5 Nf6 41. Ba2 Ne6 42. Nh6 Ke7 43. f4 Nd7 44. Nf5+ Kf6 45. Nd6 Ndc5 46. Kf3 Ke7 47. Nb5 f5 48. Bb1 Kf6 49. Ke2 Ng7 50. Kd2 Nh5 51. Kc3 Ne6 52. Nd6 Nhxf4 53. exf4 Nxf4 54. Nxf5 Ke5 55. Kc4 Nd5 56. Ng3 b6 57. Ne2 Nc7 58. Bh7 Kd6 59. Be4 Ke5 60. Bg2 Kd6 61. Nc3 Ke5 62. Kb4 Kd4 63. Na4 Nd5+ 64. Kb3 b5 65. Nb2 Ne3 66. Bh3 Nc4 67. Nd1 Kc5 68. Be6 Na5+ 69. Kc3 b4+ 70. Kd3 Nc6 71. Nb2 Na5 72. Na4+ Kb5 73. Bd7+ Nc6 74. Nb2 Kc5 75. Ke4 Na5 76. Nd3+ Kc4 77. Ke3 Kc3 78. Nc5 b3 79. Bf5 Nc4+ 80. Ke2 b2 81. Bh7 Na3 82. Ne4+ Kb3 83. Nd2+ Ka2 84. Bg8+ Ka1 85. Nb3+ Ka2 86. Nd2+ Ka1 87. Nb3+ 1/2-1/2

[Event "Fagernes Chess GM-Swiss 2025"]
[Site "Fagernes"]
[Date "2025.04.16"]
[Round "5.22"]
[White "Skaar, Ben Samuel Groth"]
[Black "Oksendal, Martin"]
[Result "1/2-1/2"]
[Annotator "RC"]
[ECO "C01"]
[WhiteElo "2167"]
[BlackElo "2250"]
[PlyCount "59"]
[EventDate "2025.04.12"]
[EventCountry "NOR"]
[SourceTitle "playchess.com"]
[Source "ChessBase"]
[SourceQuality "1"]
[TimeControl "40/6000+30:2400+30"]

1. e4 e6 2. d4 d5 3. Nc3 Nf6 4. exd5 exd5 5. Bg5 Be7 6. Bd3 c6 7. Nge2 O-O 8. O-O Ne4 9. Bxe7 Qxe7 10. f3 Nxc3 11. bxc3 c5 12. dxc5 Nd7 13. Kh1 Nxc5 14. Re1 Qf6 15. Qd2 Be6 16. Rab1 b6 17. Nd4 Rac8 18. f4 Bd7 19. Re5 Na4 20. Rb3 g6 21. Nf3 Bg4 22. Nd4 Rfe8 23. Bb5 Bd7 24. Bxd7 Rxe5 25. Bxc8 Qxf4 26. Qd1 Qf2 27. Nf3 Re3 28. Ba6 Nc5 29. Bb7 Na4 30. Qg1 1/2-1/2

[Event "Fagernes Chess GM-Swiss 2025"]
[Site "Fagernes"]
[Date "2025.04.16"]
[Round "5.23"]
[White "Aamodt, Peder Marcus"]
[Black "Berget, Eirik"]
[Result "1-0"]
[Annotator "RC"]
[ECO "E01"]
[WhiteElo "2242"]
[BlackElo "2041"]
[PlyCount "83"]
[EventDate "2025.04.12"]
[EventCountry "NOR"]
[SourceTitle "playchess.com"]
[Source "ChessBase"]
[SourceQuality "1"]
[TimeControl "40/6000+30:2400+30"]

1. d4 Nf6 2. Nf3 e6 3. g3 d5 4. Bg2 Bd6 5. O-O Nc6 6. c4 O-O 7. b3 b6 8. Bg5 h6 9. Bxf6 Qxf6 10. Nc3 dxc4 11. Ne5 Bxe5 12. dxe5 Qxe5 13. Bxc6 Rb8 14. Qc2 Qc5 15. Bf3 cxb3 16. Qxb3 Bb7 17. Bxb7 Rxb7 18. Rfd1 Qe7 19. Rd2 c5 20. a4 Rd8 21. Rad1 Rbd7 22. Rxd7 Rxd7 23. Qb5 Rxd1+ 24. Nxd1 Qd8 25. Ne3 g6 26. Qc6 Kg7 27. h4 h5 28. Qb7 c4 29. Qc6 a6 30. Qxc4 b5 31. axb5 axb5 32. Qxb5 f5 33. Qb2+ Kf7 34. Qe5 Qd2 35. Nf1 Qc2 36. e3 Qe2 37. Qd4 Qf3 38. Nd2 Qe2 39. Nc4 Qe1+ 40. Kg2 Qe2 41. Ne5+ Kg7 42. Ng4+ 1-0

[Event "Fagernes Chess GM-Swiss 2025"]
[Site "Fagernes"]
[Date "2025.04.16"]
[Round "5.24"]
[White "Verbin, Valentina"]
[Black "Skotheim, Andreas"]
[Result "0-1"]
[Annotator "RC"]
[ECO "E01"]
[WhiteElo "2113"]
[BlackElo "2229"]
[PlyCount "98"]
[EventDate "2025.04.12"]
[EventCountry "NOR"]
[SourceTitle "playchess.com"]
[Source "ChessBase"]
[SourceQuality "1"]
[TimeControl "40/6000+30:2400+30"]

1. d4 Nf6 2. c4 e6 3. g3 c5 4. Nf3 cxd4 5. Nxd4 d5 6. Bg2 e5 7. Nf3 d4 8. O-O Nc6 9. e3 Be7 10. exd4 exd4 11. b4 Nxb4 12. Nxd4 O-O 13. Be3 Ng4 14. Nc3 Nxe3 15. fxe3 Bg5 16. Qf3 Bg4 17. Qxb7 Bxe3+ 18. Kh1 Rb8 19. Nc6 Rxb7 20. Nxd8 Rc7 21. Rab1 Rxc4 22. Nd5 Bc5 23. Nb7 Nxd5 24. Bxd5 Rc2 25. Rb5 Bb6 26. Nd6 Be6 27. a4 Rd8 28. Be4 Re2 29. Bf3 Ra2 30. Rd1 Rxa4 31. Bc6 Rc4 32. Bf3 Rc3 33. Kg2 Rc2+ 34. Kh1 Rf2 35. Bg2 g6 36. Rbb1 Bg4 37. Rd5 Be6 38. Rdd1 Bg4 39. Rd5 Bf3 40. Bxf3 Rxf3 41. Kg2 Rf2+ 42. Kh3 Bc7 43. Ne4 Rxd5 44. Nxf2 Bb6 45. Ne4 Kg7 46. Kg2 f5 47. Ng5 Rd2+ 48. Kh3 h6 49. Ne6+ Kf6 0-1

[Event "Fagernes Chess GM-Swiss 2025"]
[Site "Fagernes"]
[Date "2025.04.16"]
[Round "5.25"]
[White "Southcott-Moyers, Indy"]
[Black "Stromhaug, Kristoffer Wang"]
[Result "1-0"]
[Annotator "RC"]
[ECO "D30"]
[WhiteElo "2227"]
[BlackElo "2020"]
[PlyCount "59"]
[EventDate "2025.04.12"]
[EventCountry "NOR"]
[SourceTitle "playchess.com"]
[Source "ChessBase"]
[SourceQuality "1"]
[TimeControl "40/6000+30:2400+30"]

1. d4 d5 2. c4 c6 3. Nf3 Nf6 4. e3 e6 5. Nbd2 Nbd7 6. b3 Bd6 7. Bb2 Qc7 8. Bd3 O-O 9. O-O b6 10. e4 dxe4 11. Nxe4 Nxe4 12. Bxe4 f5 13. Bd3 Bb7 14. c5 bxc5 15. Bc4 cxd4 16. Qxd4 Nb6 17. Bxe6+ Kh8 18. Qh4 Be7 19. Ng5 Bxg5 20. Qxg5 Bc8 21. Rfe1 Bxe6 22. Rxe6 Rf7 23. Rae1 Qd7 24. h4 Nd5 25. h5 Kg8 26. h6 g6 27. Rxg6+ hxg6 28. Qxg6+ Kf8 29. Ba3+ Ne7 30. h7 1-0

[Event "Fagernes Chess GM-Swiss 2025"]
[Site "Fagernes"]
[Date "2025.04.16"]
[Round "5.26"]
[White "Brattgjerd, Isak Vinh"]
[Black "Lilliehook, Victor"]
[Result "1-0"]
[Annotator "RC"]
[ECO "B51"]
[WhiteElo "2202"]
[BlackElo "1993"]
[PlyCount "49"]
[EventDate "2025.04.12"]
[EventCountry "NOR"]
[SourceTitle "playchess.com"]
[Source "ChessBase"]
[SourceQuality "1"]
[TimeControl "40/6000+30:2400+30"]

1. e4 c5 2. Nf3 Nc6 3. Bb5 d6 4. O-O Bd7 5. Re1 a6 6. Bf1 Bg4 7. c3 e6 8. d4 Bxf3 9. gxf3 Qh4 10. b4 Qh5 11. b5 axb5 12. Na3 c4 13. Rb1 Ra5 14. Bg2 Nf6 15. d5 Na7 16. Nxb5 Be7 17. Nxa7 Rxa7 18. Qd4 b6 19. Qxb6 Rd7 20. dxe6 fxe6 21. e5 Nd5 22. Qc6 Bd8 23. exd6 Nf6 24. Rxe6+ Kf7 25. Rxf6+ 1-0

[Event "Fagernes Chess GM-Swiss 2025"]
[Site "Fagernes"]
[Date "2025.04.16"]
[Round "5.27"]
[White "Den Roover, Nikolay Jorgensen"]
[Black "Andersen, Morten"]
[Result "1/2-1/2"]
[Annotator "RC"]
[ECO "E66"]
[WhiteElo "2004"]
[BlackElo "2200"]
[PlyCount "25"]
[EventDate "2025.04.12"]
[EventCountry "NOR"]
[SourceTitle "playchess.com"]
[Source "ChessBase"]
[SourceQuality "1"]
[TimeControl "40/6000+30:2400+30"]

1. Nf3 Nf6 2. g3 g6 3. Bg2 Bg7 4. c4 c5 5. Nc3 O-O 6. O-O Nc6 7. d4 d6 8. d5 Na5 9. Nd2 e6 10. Qc2 Re8 11. b3 exd5 12. cxd5 b5 13. Bb2 1/2-1/2

[Event "Fagernes Chess GM-Swiss 2025"]
[Site "Fagernes"]
[Date "2025.04.16"]
[Round "5.28"]
[White "Haugen, Lars Tormod"]
[Black "Ostensen, Nicolai Maxime"]
[Result "0-1"]
[Annotator "RC"]
[ECO "C55"]
[WhiteElo "1988"]
[BlackElo "2260"]
[PlyCount "98"]
[EventDate "2025.04.12"]
[EventCountry "NOR"]
[SourceTitle "playchess.com"]
[Source "ChessBase"]
[SourceQuality "1"]
[TimeControl "40/6000+30:2400+30"]

1. e4 e5 2. Nf3 Nc6 3. Bc4 Nf6 4. d3 h6 5. O-O d6 6. a4 g5 7. Nc3 Bg4 8. Bb5 a6 9. Bxc6+ bxc6 10. Be3 c5 11. Ne2 Rb8 12. b3 Bxf3 13. gxf3 Nh5 14. Ng3 Ng7 15. c3 Be7 16. Rb1 O-O 17. d4 Qc8 18. dxe5 dxe5 19. Qd5 Qe6 20. Qc4 Rfd8 21. Rfd1 Rxd1+ 22. Rxd1 Rb5 23. b4 Rxb4 24. Rd4 Rb3 25. Rd5 Rb1+ 26. Kg2 c6 27. Qd3 cxd5 28. Qxb1 d4 29. Bd2 h5 30. Qc1 h4 31. Nf1 g4 32. cxd4 exd4 33. Qb2 h3+ 34. Kg1 gxf3 35. Ng3 Bd6 36. Qb6 Bxg3 37. Qd8+ Kh7 38. hxg3 Qxe4 39. Qg5 c4 40. Qh6+ Kg8 41. Qxa6 c3 42. Qc8+ Qe8 43. Qxe8+ Nxe8 44. Be1 Kg7 45. Kh2 Kf6 46. Kxh3 Ke5 47. a5 Nc7 48. Kg4 Ke4 49. Kg5 Kd3 0-1

[Event "Fagernes Chess GM-Swiss 2025"]
[Site "Fagernes"]
[Date "2025.04.16"]
[Round "5.29"]
[White "Westrum, Kim Roger Hansen"]
[Black "Arvola, Daniel"]
[Result "1-0"]
[Annotator "RC"]
[ECO "A36"]
[WhiteElo "2193"]
[BlackElo "2088"]
[PlyCount "79"]
[EventDate "2025.04.12"]
[EventCountry "NOR"]
[SourceTitle "playchess.com"]
[Source "ChessBase"]
[SourceQuality "1"]
[TimeControl "40/6000+30:2400+30"]

1. c4 Nf6 2. Nc3 g6 3. g3 Bg7 4. Bg2 O-O 5. e4 d6 6. d3 c5 7. Nge2 Nc6 8. O-O a6 9. h3 e6 10. Be3 Qc7 11. Rb1 Rb8 12. a4 h6 13. Qd2 Kh7 14. b3 Ne8 15. d4 cxd4 16. Nxd4 f5 17. Nde2 Bd7 18. f4 Rd8 19. b4 Ne7 20. Rfc1 fxe4 21. a5 Nc8 22. Nxe4 Nf6 23. Nxf6+ Bxf6 24. b5 axb5 25. cxb5 Qb8 26. Qc2 d5 27. Qc7 Nd6 28. Qxb8 Rxb8 29. Rc7 Rfd8 30. Nd4 Nc4 31. Nxe6 Nxe3 32. Nxd8 Rxd8 33. Rxb7 Nc4 34. a6 Nd6 35. Rxd7+ Rxd7 36. b6 Bd4+ 37. Kh2 Bxb6 38. Rxb6 Kg8 39. Bxd5+ Kf8 40. Rxd6 1-0

[Event "Fagernes Chess GM-Swiss 2025"]
[Site "Fagernes"]
[Date "2025.04.16"]
[Round "5.30"]
[White "Torfoss, Sivert Schanche"]
[Black "Gasland, Lukas Dominik"]
[Result "1-0"]
[Annotator "RC"]
[ECO "E66"]
[WhiteElo "2141"]
[BlackElo "1994"]
[PlyCount "55"]
[EventDate "2025.04.12"]
[EventCountry "NOR"]
[SourceTitle "playchess.com"]
[Source "ChessBase"]
[SourceQuality "1"]
[TimeControl "40/6000+30:2400+30"]

1. Nf3 Nf6 2. g3 g6 3. c4 Bg7 4. Bg2 O-O 5. O-O c5 6. d4 d6 7. Nc3 Nc6 8. d5 Na5 9. Nd2 Rb8 10. Qc2 a6 11. b3 b5 12. Bb2 bxc4 13. bxc4 e5 14. Rab1 Bd7 15. Rfc1 Bh6 16. e3 Qc7 17. Ba1 Rxb1 18. Rxb1 Rb8 19. Nd1 Bf5 20. Rxb8+ Qxb8 21. Qa4 Qb6 22. Bc3 Nb7 23. Qc6 Qa7 24. Bxe5 Bd7 25. Qc7 dxe5 26. d6 Bg4 27. Bxb7 Bxd1 28. Bf3 1-0

[Event "Fagernes Chess GM-Swiss 2025"]
[Site "Fagernes"]
[Date "2025.04.16"]
[Round "5.31"]
[White "Ashwath Kaushik"]
[Black "Halvorsen, Benjamin"]
[Result "1/2-1/2"]
[Annotator "RC"]
[ECO "B07"]
[WhiteElo "1958"]
[BlackElo "1966"]
[PlyCount "97"]
[EventDate "2025.04.12"]
[EventCountry "NOR"]
[SourceTitle "playchess.com"]
[Source "ChessBase"]
[SourceQuality "1"]
[TimeControl "40/6000+30:2400+30"]

1. e4 d6 2. d4 Nf6 3. Nc3 g6 4. Bf4 Bg7 5. Qd2 c6 6. Bh6 O-O 7. O-O-O b5 8. f3 Qc7 9. g4 e5 10. dxe5 dxe5 11. h4 Be6 12. h5 a5 13. Bxg7 Kxg7 14. hxg6 fxg6 15. Qh6+ Kg8 16. Nh3 Qg7 17. Qh4 Na6 18. Ng5 Nc5 19. Rd6 Bd7 20. a4 h6 21. Nh3 g5 22. Qg3 Qe7 23. Rd2 b4 24. Nd1 Nxa4 25. Bc4+ Kg7 26. Ne3 Nb6 27. Ba2 a4 28. Nf5+ Bxf5 29. gxf5 Nh5 30. Qg4 b3 31. Bb1 Nf4 32. Nxf4 exf4 33. Rhd1 a3 34. Rd7 Nxd7 35. Rxd7 Qxd7 36. f6+ Kxf6 37. Qxd7 a2 38. e5+ Kxe5 39. Qe7+ Kd5 40. c4+ Kxc4 41. Bd3+ Kd4 42. Qb4+ Kd5 43. Be4+ Ke6 44. Qc4+ Ke7 45. Qc5+ Kf7 46. Qf5+ Ke7 47. Qc5+ Kf7 48. Qf5+ Ke7 49. Qc5+ 1/2-1/2

[Event "Fagernes Chess GM-Swiss 2025"]
[Site "Fagernes"]
[Date "2025.04.16"]
[Round "5.32"]
[White "Wernberg, Nikolai Olsen"]
[Black "Hausken, Andreas Skrede"]
[Result "0-1"]
[Annotator "NA RC"]
[ECO "E16"]
[WhiteElo "1893"]
[BlackElo "2002"]
[PlyCount "72"]
[EventDate "2025.04.12"]
[EventCountry "NOR"]
[SourceTitle "playchess.com"]
[Source "ChessBase"]
[SourceQuality "1"]
[TimeControl "40/6000+30:2400+30"]

1. Nf3 Nf6 2. g3 e6 3. Bg2 b6 4. O-O Bb7 5. d4 c5 6. c4 d5 7. Nc3 Nbd7 8. Qa4 Be7 9. dxc5 Bxc5 10. cxd5 Nxd5 11. Rd1 O-O 12. e4 N5f6 13. Ne5 Bc8 14. Nc6 Qc7 15. e5 Nd5 16. Rxd5 exd5 17. Nxd5 Qb7 18. Nce7+ Kh8 19. Nf6 Qc7 20. Qh4 Bxf2+ 21. Kxf2 Qc2+ 22. Kg1 Qd1+ 23. Kf2 Qc2+ 24. Ke1 Ba6 25. Ng6+ Qxg6 26. Be4 gxf6 27. Bxg6 fxg6 28. e6 Rfe8 29. Kf2 Rxe6 30. Be3 Rae8 31. Rd1 Rxe3 32. Rxd7 Re2+ 33. Kg1 Re1+ 34. Kf2 R8e2+ 35. Kf3 Rf1+ 36. Kg4 Re4+ 0-1

[Event "Fagernes Chess GM-Swiss 2025"]
[Site "Fagernes"]
[Date "2025.04.18"]
[Round "7.1"]
[White "Raja Rithvik R"]
[Black "Ghosh, Diptayan"]
[Result "1/2-1/2"]
[Annotator "TA"]
[ECO "C91"]
[WhiteElo "2538"]
[BlackElo "2573"]
[PlyCount "41"]
[EventDate "2025.04.12"]
[EventCountry "NOR"]
[SourceTitle "playchess.com"]
[Source "ChessBase"]
[SourceQuality "1"]
[TimeControl "40/6000+30:2400+30"]

1. e4 e5 2. Nf3 Nc6 3. Bb5 a6 4. Ba4 Nf6 5. O-O Be7 6. Re1 b5 7. Bb3 d6 8. c3 O-O 9. d4 Bg4 10. Be3 exd4 11. cxd4 Na5 12. Bc2 Nc4 13. Bc1 c5 14. b3 Nb6 15. Nbd2 cxd4 {[%emt 0:16:34] C91: Closed Ruy Lopez: 7...d6 8 c3 0-0 9 d4.} 16. h3 Bh5 17. g4 d3 18. Bxd3 Bg6 19. Bb2 Rc8 20. Qe2 Nfd7 21. Rad1 $146 {[%emt 0:14:29] Not much happened in this game.   Weighted Error Value: White=0.09 (flawless) /Black=0.07 (flawless)   Inaccurate:     	White=1     	---        OK:         	White=3     	Black=5} (21. a4 bxa4 22. bxa4 a5 23. Nb3 Bf6 24. Bb5 Bxe4 25. Qxe4 Bxb2 26. Rad1 Bc3 27. Re2 {0-1 Polzin,R (2460)-Bindrich,F (2542) AUT-chT 1112 2012 (5.2)}) 1/2-1/2

[Event "Fagernes Chess GM-Swiss 2025"]
[Site "Fagernes"]
[Date "2025.04.18"]
[Round "7.2"]
[White "Urkedal, Frode Olav Olsen"]
[Black "Ghasi, Ameet K"]
[Result "1-0"]
[Annotator "RC"]
[ECO "E71"]
[WhiteElo "2550"]
[BlackElo "2502"]
[PlyCount "61"]
[EventDate "2025.04.12"]
[EventCountry "NOR"]
[SourceTitle "playchess.com"]
[Source "ChessBase"]
[SourceQuality "1"]
[TimeControl "40/6000+30:2400+30"]

1. d4 Nf6 2. c4 g6 3. Nc3 Bg7 4. e4 d6 5. h3 O-O 6. Be3 Nc6 7. d5 Ne5 8. f4 Ned7 9. Nge2 c6 10. Ng3 cxd5 11. cxd5 Qa5 12. a3 h5 13. Bd3 Nc5 14. Bc2 Qc7 15. O-O e6 16. dxe6 Bxe6 17. Nb5 Qb6 18. Nxd6 h4 19. b4 hxg3 20. Bxc5 Qc7 21. f5 gxf5 22. Nxf5 Bxf5 23. Rxf5 Rfd8 24. Qf3 b6 25. e5 Nd7 26. Rxf7 Qxe5 27. Rxg7+ Qxg7 28. Bb3+ Kh7 29. Qh5+ Qh6 30. Qf7+ Qg7 31. Bc2+ 1-0

[Event "Fagernes Chess GM-Swiss 2025"]
[Site "Fagernes"]
[Date "2025.04.18"]
[Round "7.3"]
[White "Jumabayev, Rinat"]
[Black "Moksh Amit Doshi"]
[Result "1-0"]
[Annotator "RC"]
[ECO "A17"]
[WhiteElo "2549"]
[BlackElo "2369"]
[PlyCount "113"]
[EventDate "2025.04.12"]
[EventCountry "NOR"]
[SourceTitle "playchess.com"]
[Source "ChessBase"]
[SourceQuality "1"]
[TimeControl "40/6000+30:2400+30"]

1. Nf3 d5 2. c4 e6 3. e3 Nf6 4. Nc3 Bd6 5. b3 O-O 6. Bb2 Re8 7. Qc2 c5 8. Na4 dxc4 9. Bxc4 a6 10. Be2 Nbd7 11. O-O b5 12. Nc3 Bb7 13. a4 b4 14. Nb1 Ng4 15. h3 Nge5 16. Ne1 Ng6 17. d3 Rc8 18. Nd2 Bb8 19. Nef3 Nde5 20. Rfd1 Nxf3+ 21. Nxf3 Qd6 22. Kf1 h6 23. Rac1 Red8 24. Ba1 a5 25. Qb2 e5 26. Nd2 Qf6 27. Ne4 Bxe4 28. dxe4 Rxd1+ 29. Rxd1 Rd8 30. Rc1 Qc6 31. Qc2 Bd6 32. Bb5 Qb6 33. Bc4 Kf8 34. Qe2 Bc7 35. Bb2 Ne7 36. Qh5 Qg6 37. Qxg6 Nxg6 38. Ke2 Ke7 39. g3 Bd6 40. f4 f6 41. Rf1 Bc7 42. h4 exf4 43. exf4 Nf8 44. Rc1 h5 45. Bd5 Bd6 46. Rc2 Ne6 47. Kd3 Nd4 48. Bxd4 cxd4 49. Rc6 Rd7 50. Ra6 Rc7 51. Bc4 Rc5 52. Ra7+ Bc7 53. Kxd4 Rc6 54. e5 fxe5+ 55. fxe5 Kd8 56. Kd5 Rg6 57. e6 1-0

[Event "Fagernes Chess GM-Swiss 2025"]
[Site "Fagernes"]
[Date "2025.04.18"]
[Round "7.4"]
[White "Mitusov, Semen"]
[Black "Kantor, Gergely"]
[Result "1/2-1/2"]
[Annotator "TA"]
[ECO "C48"]
[WhiteElo "2459"]
[BlackElo "2578"]
[PlyCount "105"]
[EventDate "2025.04.12"]
[EventCountry "NOR"]
[SourceTitle "playchess.com"]
[Source "ChessBase"]
[SourceQuality "1"]
[TimeControl "40/6000+30:2400+30"]

1. e4 e5 2. Nf3 Nc6 3. Nc3 Nf6 4. Bb5 Bd6 5. d4 exd4 6. Nxd4 {[%emt 0:03:25] C48: Four Knights: 4 Bb5, replies other than 4...Bb4.} O-O 7. Bg5 Re8 {[%emt 0:08:09][%cal Of6e4] [#]} 8. Nde2 Be5 $146 (8... a6 9. Bd3 Ne5 10. h3 h6 11. Be3 Nxd3+ 12. cxd3 Bb4 13. f4 d5 14. e5 c5 {1-0 Eminov,O (2260)-Karaoglan,K (1739) Kesan op 11th 2013 (1)}) 9. Bxf6 Bxf6 10. O-O d6 11. Qd2 a6 12. Bc4 Ne5 13. Bd5 Rb8 14. a3 b5 15. Rad1 Nc4 16. Qc1 Bg4 17. f3 Bg5 18. Bxf7+ Kxf7 19. fxg4+ Kg8 20. Nf4 Rf8 (20... c6 $15 21. Kh1 Qf6) 21. Nce2 c6 22. Nd4 Qe8 23. b3 Qxe4 24. Rfe1 $1 Qxf4 25. Qxf4 {[%emt 0:00:13] Successful Defense White} Bxf4 26. bxc4 {[%emt 0:00:09] g3 would now be deadly.} Rbe8 (26... bxc4 $6 27. Ne6 $16 (27. Nxc6 Rbe8 $11)) 27. Rxe8 Rxe8 28. cxb5 (28. Nxc6 $11 bxc4 29. Nb4) 28... cxb5 $11 {[%emt 0:00:36][%mdl 4096] Endgame KRB-KRN} 29. g3 Be3+ 30. Kf1 g6 31. Nb3 Re6 32. Rd5 Kf7 33. Rd3 Bb6 34. Rc3 d5 ({Black should play} 34... Ke7 $17 35. h4 Rf6+ 36. Ke2 Rf2+ 37. Kd1 Kd7) 35. Rc8 $1 $15 Re8 (35... Rf6+ $15 36. Ke1 Re6+ 37. Kd2 Be3+ 38. Kd3 Bg1) 36. Rc6 $11 Re6 37. Rc8 a5 38. Nc5 Rf6+ 39. Ke2 Ke7 40. g5 Rd6 (40... Rf7 $11) 41. Kd3 $1 $14 a4 (41... Rd8 42. Rxd8 Bxd8 43. Kd4 $16) 42. c3 Kf7 43. Kd4 (43. h3 $16) 43... Rd7 {[%emt 0:01:38] [#]} (43... Ke7 $11 {remains equal.}) 44. Rb8 ({White should try} 44. Rc6 $1 $16 Bxc5+ 45. Rxc5) 44... Rd6 $11 {[%emt 0:00:33] The position is equal.} 45. Rb7+ Ke8 46. Rb8+ (46. Rxh7 $2 Rc6 47. Rb7 (47. Kxd5 $2 {too greedy.} Rxc5+ 48. Kd6 Rxc3 $19) (47. Rh8+ $2 Kf7 $19) 47... Bxc5+ $19) 46... Ke7 47. Rc8 Rd7 48. Rc6 ({Don't take} 48. Rb8 Rd6 $14) 48... Rd6 $1 49. Rc8 Rd7 50. Ke5 (50. Rb8 Rd6) 50... Bc7+ 51. Kd4 Bb6 {[%emt 0:00:08] And now ...Kd6 would win.} 52. Rc6 Rd6 $1 53. Rc8 {[%emt 0:00:00] Weighted Error Value: White=0.12 (very precise) /Black=0.15 (very precise)   Mistake:       	White=3     	Black=5      Inaccurate:     	White=4     	Black=4      OK:         	White=14    	Black=15     Best:        	White=6     	Black=5      Strong:       	White=3     	Black=2} 1/2-1/2

[Event "Fagernes Chess GM-Swiss 2025"]
[Site "Fagernes"]
[Date "2025.04.18"]
[Round "7.5"]
[White "Makhnev, Denis"]
[Black "Urazayev, Arystanbek"]
[Result "1/2-1/2"]
[Annotator "RC"]
[ECO "E11"]
[WhiteElo "2537"]
[BlackElo "2467"]
[PlyCount "25"]
[EventDate "2025.04.12"]
[EventCountry "NOR"]
[SourceTitle "playchess.com"]
[Source "ChessBase"]
[SourceQuality "1"]
[TimeControl "40/6000+30:2400+30"]

1. d4 Nf6 2. c4 e6 3. Nf3 d5 4. g3 Bb4+ 5. Bd2 Be7 6. Bg2 O-O 7. O-O Nbd7 8. Qc2 c6 9. Bf4 Nh5 10. Bd2 Nhf6 11. Bf4 Nh5 12. Bd2 Nhf6 13. Bf4 1/2-1/2

[Event "Fagernes Chess GM-Swiss 2025"]
[Site "Fagernes"]
[Date "2025.04.18"]
[Round "7.6"]
[White "Kreken, Eivind Grunt"]
[Black "Rozentalis, Eduardas"]
[Result "1-0"]
[Annotator "RC"]
[ECO "B15"]
[WhiteElo "2326"]
[BlackElo "2481"]
[PlyCount "73"]
[EventDate "2025.04.12"]
[EventCountry "NOR"]
[SourceTitle "playchess.com"]
[Source "ChessBase"]
[SourceQuality "1"]
[TimeControl "40/6000+30:2400+30"]

1. e4 c6 2. d4 d5 3. Nc3 g6 4. e5 Bg7 5. Bf4 f6 6. Qd2 fxe5 7. dxe5 Nd7 8. Nf3 Nf8 9. O-O-O Bg4 10. Be2 Bxf3 11. Bxf3 Ne6 12. Kb1 Nxf4 13. Qxf4 Nh6 14. Bxd5 cxd5 15. Nxd5 Qb8 16. Rhe1 b5 17. Qf3 Nf7 18. Nc7+ Qxc7 19. Qxa8+ Nd8 20. Qd5 Rf8 21. Qxb5+ Kf7 22. Rd7 Qb6 23. Qd5+ Ke8 24. Rd1 Nc6 25. f4 Rxf4 26. Qg8+ Bf8 27. Qe6 Bg7 28. R7d5 Rf5 29. Qg8+ Bf8 30. Qe6 Bg7 31. Qg8+ Bf8 32. Qxh7 Nxe5 33. g4 Rg5 34. h4 Rxg4 35. Rxe5 Qd6 36. Ree1 Qf6 37. h5 1-0

[Event "Fagernes Chess GM-Swiss 2025"]
[Site "Fagernes"]
[Date "2025.04.18"]
[Round "7.7"]
[White "Willow, Jonah B"]
[Black "Johansson, Linus"]
[Result "1/2-1/2"]
[Annotator "RC"]
[ECO "C02"]
[WhiteElo "2471"]
[BlackElo "2392"]
[PlyCount "212"]
[EventDate "2025.04.12"]
[EventCountry "NOR"]
[SourceTitle "playchess.com"]
[Source "ChessBase"]
[SourceQuality "1"]
[TimeControl "40/6000+30:2400+30"]

1. e4 e6 2. d4 d5 3. e5 c5 4. c3 Nc6 5. Nf3 Bd7 6. Be2 Rc8 7. O-O h6 8. Nbd2 cxd4 9. cxd4 Nge7 10. Nb3 Nf5 11. Bd2 a5 12. g4 Nh4 13. Nxh4 Qxh4 14. Bxa5 Nxa5 15. Nxa5 b6 16. Nb3 Be7 17. Qd3 h5 18. gxh5 Bg5 19. f4 Bxf4 20. Rf2 Bh6 21. Rg2 Qe4 22. a4 Rc2 23. Qxe4 dxe4 24. Bb5 Rxg2+ 25. Kxg2 Bxb5 26. axb5 O-O 27. Re1 Rc8 28. Kf2 Rc4 29. Rxe4 Rb4 30. Na1 Rxb2+ 31. Re2 Rxb5 32. Rc2 Rb1 33. Rc8+ Kh7 34. Nc2 b5 35. Ke2 b4 36. Rb8 b3 37. Na3 Rb2+ 38. Kd3 Rxh2 39. Rxb3 Rxh5 40. Kc4 Rf5 41. Nb5 g5 42. Nd6 Rf4 43. Kc5 Bg7 44. Re3 Kg6 45. d5 exd5 46. Kxd5 g4 47. e6 fxe6+ 48. Rxe6+ Kh5 49. Ne4 Rf5+ 50. Kc4 Rf3 51. Kd5 Rd3+ 52. Kc4 Rf3 53. Kd5 g3 54. Nxg3+ Rxg3 55. Ke4 Rg1 56. Kf3 Kg5 57. Re2 Ra1 58. Rg2+ Kf6 59. Ke4 Bh6 60. Kd5 Bf4 61. Rg8 Ra5+ 62. Ke4 Bd6 63. Rh8 Re5+ 64. Kd4 Ke7 65. Rh7+ Ke6 66. Rh6+ Kd7 67. Rh1 Rg5 68. Ke4 Kc6 69. Rc1+ Bc5 70. Rf1 Rg2 71. Rf6+ Bd6 72. Rf1 Rg4+ 73. Kf5 Rd4 74. Ke6 Re4+ 75. Kf5 Re5+ 76. Kg4 Re8 77. Rc1+ Bc5 78. Rd1 Rf8 79. Kg5 Be3+ 80. Kg4 Kc5 81. Rd7 Bd4 82. Kg5 Be5 83. Ra7 Kd5 84. Ra5+ Ke4 85. Ra4+ Bd4 86. Kg4 Rg8+ 87. Kh4 Ke5 88. Kh3 Be3 89. Rg4 Ra8 90. Rb4 Bd2 91. Rb2 Rd8 92. Kg4 Ke4 93. Kh5 Rd6 94. Kg4 Rg6+ 95. Kh5 Rh6+ 96. Kg4 Rd6 97. Ra2 Rg6+ 98. Kh5 Rg2 99. Rb2 Kf3 100. Ra2 Rg5+ 101. Kh6 Be3 102. Kh7 Bd4 103. Ra4 Ke4 104. Kh6 Rg1 105. Kh5 Ke5 106. Kh4 Bf2+ 1/2-1/2